 Dungeon Crawl Stone Soup version 0.23.1 (webtiles) character file.

Game seed: 1337385882368058854

8626 Kairos the Cleaver (level 11, -6/86 HPs)
             Began as a Formicid Abyssal Knight on Mar 3, 2019.
             Was a High Priest of Lugonu.
             Mangled by a spiny frog (9 damage)
             ... on level 1 of the Lair of Beasts.
             The game lasted 00:18:34 (7051 turns).

Kairos the Cleaver (Formicid Abyssal Knight)        Turns: 7051, Time: 00:18:36

Health: -6/86      AC: 20    Str: 21    XL:     11   Next: 59%
Magic:  10/15      EV:  7    Int: 13    God:    Lugonu [*****.]
Gold:   377        SH: 10    Dex: 10    Spells: 10/10 levels left

rFire    . . .     SeeInvis +   a - +0 quarterstaff
rCold    + . .     Gourm    .   p - +0 shield of the Inquisitive Ships {Str+2 Stlth+}
rNeg     . . .     Faith    .   r - +3 chain mail {rPois}
rPois    +         Spirit   .   (helmet unavailable)
rElec    .         Reflect  .   J - +0 cloak {+Inv}
rCorr    .         Harm     .   (no gloves)
MR       +....                  (no boots)
Stlth    ..........             h - amulet of regeneration
HPRegen  0.64/turn              P - +5 ring of protection
MPRegen  0.14/turn              N - ring of protection from cold

@: no status effects
A: permanent stasis, dig shafts and tunnels, four strong arms, antennae 3
a: Dig, Shaft Self, Depart the Abyss, Bend Space, Banish, Corrupt, Enter the
Abyss, Renounce Religion, Evoke Invisibility


You were on level 1 of the Lair of Beasts.
You worshipped Lugonu.
Lugonu was extremely pleased with you.
You were hungry.

You visited 2 branches of the dungeon, and saw 11 of its levels.
You visited the Abyss 1 time.

You collected 701 gold pieces.
You spent 324 gold pieces at shops.

Inventory:

Hand Weapons
 a - a +0 quarterstaff (weapon)
 f - a +0 broad axe
 g - a +4 war axe of distortion
 u - the +3 hunting sling of the Establishment {speed, *Corrode rElec rF+ Str+2}
   (You found it on level 4 of the Dungeon)

   Attacks with this weapon are significantly faster.
   It affects your strength (+2).
   It protects you from fire.
   It insulates you from electricity.
   It may corrode you when you take damage.
 F - a +1 hand axe of draining
 H - a +0 morningstar
Missiles
 w - 283 stones (quivered)
 x - 129 sling bullets
 G - 8 tomahawks
Armour
 p - the +0 shield of the Inquisitive Ships (worn) {Str+2 Stlth+}
   (You bought it in a shop on level 6 of the Dungeon)

   It affects your strength (+2).
   It makes you more stealthy.
 r - a +3 chain mail of poison resistance (worn)
 J - a +0 cloak of invisibility (worn)
Jewellery
 h - an amulet of regeneration (around neck)
 n - an uncursed amulet of guardian spirit
 A - a +5 ring of intelligence
 L - an uncursed ring of wizardry
 N - a ring of protection from cold (right hand)
 P - a +5 ring of protection (left hand)
Wands
 b - a wand of polymorph (5)
 d - a wand of enslavement (12)
 s - a wand of iceblast (8)
 z - a wand of clouds (5)
 B - a wand of paralysis (11)
 R - a wand of digging (4)
Scrolls
 e - a scroll of fog
 i - 2 scrolls of fear
 j - 11 scrolls of remove curse
 q - 2 scrolls of identify
 y - 3 scrolls of amnesia
 I - a scroll of holy word {unknown}
 K - a scroll of magic mapping {unknown}
 O - a scroll of noise {unknown}
 S - a scroll of torment {unknown}
Potions
 k - 4 potions of degeneration {unknown}
 l - 2 potions of flight
 m - 2 potions of lignification {unknown}
 o - 2 potions of might {unknown}
 t - 4 potions of curing {unknown}
 v - a potion of heal wounds {unknown}
 C - 2 potions of resistance {unknown}
 D - 2 potions of brilliance {unknown}
 E - a potion of ambrosia {unknown}
 M - a potion of cancellation {unknown}
Comestibles
 c - 11 rations


   Skills:
 + Level 8.3 Fighting
 + Level 11.5 Axes
 + Level 1.5 Slings
 + Level 7.5 Armour
 + Level 2.3 Dodging
 + Level 2.6 Stealth
 + Level 5.7 Shields
 + Level 2.4 Invocations
 * Level 6.6 Evocations


You had 10 spell levels left.
You didn't know any spells.
Your spell library was empty.

Dungeon Overview and Level Annotations

Branches:
Dungeon (10/15)            Temple (0/1) D:4            Lair (1/6) D:10
    Orc (0/2) D:10

Altars:
Cheibriados
Dithmenos
Elyvilon
Fedhas
Gozag
Hepliaklqana
Nemelex Xobeh
Okawaru
Qazlal
Sif Muna
Trog
Uskayaw
Yredelemnul

Shops:
D:6 ([

Annotations:
D:5 2 transporters, Lanoc's ghost, novice DrMo
Abyss:1 Crazy Yiuf; Erica


Innate Abilities, Weirdness & Mutations

You cannot be hasted, slowed, berserked, paralysed or teleported.
You can dig through walls and to a lower floor.
Your four strong arms can wield two-handed weapons with a shield.
You have a pair of large antennae on your head. (SInv)


Message History

* * * LOW HITPOINT WARNING * * *
You block the seven-headed hydra's attack.
The seven-headed hydra bites you.
* * * LOW HITPOINT WARNING * * *
The seven-headed hydra bites you.
* * * LOW HITPOINT WARNING * * *
The seven-headed hydra barely misses you.
The spiny frog stings you but does no damage.
Space bends around you!
You blink.
A spiny frog comes into view.
The spiny frog croaks.
Found 30 arrows.
Press: ? - help, Shift-Dir - straight line, f/p - seven-headed hydra
Aim: a seven-headed hydra (severely wounded, chance to defeat MR: 50%)
The seven-headed hydra resists with some effort.
You are feeling hungry.
Press: ? - help, Shift-Dir - straight line, f/p - seven-headed hydra
Aim: a seven-headed hydra (severely wounded, chance to defeat MR: 50%)
You fail to use your ability.
The spiny frog stings you!
You die...

##.........#
#..........#
##........#
#........#
#........#
#)..?....#
#..(F...>#
#..(.?D...##
##(......@.#
#.......FP.PPPPP
#(.....PP≈PP≈P♣≈
#(..P≈≈.≈≈≈≈♣≈≈≈
#..≈PPP≈≈♣♣≈.≈P≈
..PP≈♣≈≈≈ P≈...
.PP≈≈♣≈♣P ....
.P≈≈≈♣♣ P (...


You could see a seven-headed hydra and 2 spiny frogs.

Vanquished Creatures
  2 two-headed ogres
  A komodo dragon (D:10)
  3 hippogriffs
  A wyvern (D:10)
  2 hungry ghosts
  8 yaks
  A steam dragon (D:8)
  2 sky beasts
  4 orc warriors
  2 phantoms
  A black bear (D:6)
  A hornet zombie (D:10)
  4 ogres
  4 centaurs
  2 crocodiles (D:10)
  12 bullfrogs
  A scorpion (D:5)
  6 howler monkeys
  2 crimson imps
  A centaur zombie (D:6)
  2 bullfrog zombies
  4 hounds
  4 centaur skeletons
  3 orc priests
  5 orc wizards
  5 iguanas
  6 worker ants
  A hound zombie (D:6)
  2 hound skeletons
  2 worker ant zombies
  15 adders
  An ooze (D:2)
  2 worms
  3 dart slugs
  6 leopard geckos
  38 orcs
  16 giant cockroaches
  5 goblins
  11 hobgoblins
  14 jackals
  3 quokkas
  2 ball pythons
  10 bats
  5 frilled lizards
  A jackal zombie (D:6)
  10 kobolds
  6 rats
242 creatures vanquished.

Vanquished Creatures (others)
  A komodo dragon (D:10)
  A yak (D:10)
  An orc warrior (D:10)
  A centaur (D:8)
  A bullfrog skeleton (D:9)
  A shadow imp (D:10)
  A dart slug (D:4)
  A giant cockroach (D:3)
  A hobgoblin (D:2)
  A frilled lizard (D:3)
  A quokka skeleton (D:8)
11 creatures vanquished.

Grand Total: 253 creatures vanquished

Notes
Turn   | Place    | Note
-------+----------+-------------------------------------------
     0 | Abyss:1  | Kairos the Formicid Abyssal Knight began the quest for the
                  | Orb.
     0 | Abyss:1  | Reached XP level 1. HP: 18/18 MP: 2/2
    56 | Abyss:1  | Found a corrupted altar of Lugonu.
    64 | Abyss:1  | Noticed a lorocyproca
   118 | Abyss:2  | Noticed a small abomination
   129 | D:1      | Escaped the Abyss
   260 | D:1      | Reached XP level 2. HP: 25/25 MP: 3/3
   281 | D:1      | Reached * piety under Lugonu
   429 | D:1      | Reached skill level 1 in Dodging
   460 | D:1      | Reached XP level 3. HP: 27/30 MP: 4/4
   499 | D:1      | Identified a scroll of acquirement
   758 | D:2      | Found a hazy altar of Hepliaklqana.
   894 | D:2      | Found a snail-covered altar of Cheibriados.
   894 | D:2      | Found a blossoming altar of Fedhas.
  1029 | D:2      | Reached XP level 4. HP: 37/37 MP: 5/5
  1034 | D:2      | Found a stormy altar of Qazlal.
  1084 | D:2      | Found a white marble altar of Elyvilon.
  1111 | D:2      | Found a white marble altar of Elyvilon.
  1315 | D:2      | Reached ** piety under Lugonu
  1414 | D:2      | Reached skill level 3 in Axes
  1920 | D:3      | Reached XP level 5. HP: 43/43 MP: 6/6
  2191 | D:4      | Got a jewelled hunting sling
  2192 | D:4      | Identified the cursed +3 hunting sling of the Establishment
                  | {speed, *Corrode rElec rF+ Str+2} (You found it on level 4
                  | of the Dungeon)
  2489 | D:4      | Reached skill level 4 in Axes
  2704 | D:4      | Found a deep blue altar of Sif Muna.
  2766 | D:4      | Found a hide-covered altar of Uskayaw.
  2804 | D:4      | Reached XP level 6. HP: 47/49 MP: 7/7
  2852 | D:4      | Found a sparkling altar of Nemelex Xobeh.
  2852 | D:4      | Found a faded altar of an unknown god.
  2857 | D:4      | Found an opulent altar of Gozag.
  2859 | D:4      | Found a bloodstained altar of Trog.
  2860 | D:4      | Found an iron altar of Okawaru.
  2907 | D:4      | Noticed a phantom
  2914 | D:4      | Killed a phantom
  2914 | D:4      | Reached skill level 1 in Slings
  2924 | D:4      | Found a staircase to the Ecumenical Temple.
  3033 | D:5      | Entered Level 5 of the Dungeon
  3035 | D:5      | Noticed Lanoc's ghost (novice DrMo)
  3091 | D:5      | Found a shadowy altar of Dithmenos.
  3196 | D:5      | Noticed a sky beast
  3206 | D:5      | Killed a sky beast
  3206 | D:5      | Reached skill level 5 in Axes
  3206 | D:5      | Reached XP level 7. HP: 38/55 MP: 8/8
  3211 | D:5      | Found a basalt altar of Yredelemnul.
  3286 | D:5      | Reached *** piety under Lugonu
  3343 | D:5      | Found a transporter.
  3450 | D:5      | Found a transporter.
  3596 | D:6      | Found Keoczuf's Armour Shop.
  3619 | D:6      | Reached skill level 5 in Fighting
  3621 | D:6      | Reached XP level 8. HP: 61/62 MP: 9/9
  3624 | D:6      | Bought the cursed +0 shield of the Inquisitive Ships {Str+2
                  | Stlth+} for 186 gold pieces
  3653 | D:6      | Reached skill level 6 in Axes
  3777 | D:6      | Found Atilog's Antique Weapon Emporium.
  3831 | D:6      | Reached skill level 7 in Axes
  3831 | D:6      | Reached skill level 1 in Shields
  3934 | D:6      | Reached skill level 5 in Armour
  4004 | D:6      | Bought a +0 cloak of invisibility for 138 gold pieces
  4070 | D:7      | Reached **** piety under Lugonu
  4129 | D:7      | Reached skill level 1 in Evocations
  4129 | D:7      | Reached XP level 9. HP: 69/69 MP: 10/10
  4395 | D:7      | Reached skill level 8 in Axes
  4524 | D:7      | Noticed a hippogriff
  4529 | D:7      | Killed a hippogriff
  4567 | D:7      | Found a runed translucent door.
  4568 | D:7      | Noticed Crazy Yiuf
  4575 | D:7      | Banished Crazy Yiuf
  4621 | D:7      | Noticed a hippogriff
  4626 | D:7      | Killed a hippogriff
  4837 | D:8      | Noticed a hippogriff
  4844 | D:8      | Reached XP level 10. HP: 71/77 MP: 12/12
  4846 | D:8      | Reached skill level 9 in Axes
  5083 | D:8      | Noticed a two-headed ogre
  5116 | D:8      | Killed a two-headed ogre
  5169 | D:8      | Reached ***** piety under Lugonu
  5169 | D:8      | Reached skill level 5 in Evocations
  5719 | D:9      | Reached skill level 10 in Axes
  5871 | D:9      | Noticed a two-headed ogre
  5879 | D:9      | Killed a two-headed ogre
  5879 | D:9      | Reached skill level 5 in Shields
  5879 | D:9      | Reached XP level 11. HP: 50/84 MP: 15/15
  6064 | D:10     | Entered Level 10 of the Dungeon
  6069 | D:10     | Noticed Erica
  6073 | D:10     | Banished Erica
  6438 | D:10     | Reached skill level 11 in Axes
  6522 | D:10     | Found a staircase to the Orcish Mines.
  6780 | D:10     | Found a staircase to the Lair.
  6967 | Lair:1   | Entered Level 1 of the Lair of Beasts
  7034 | Lair:1   | Noticed a seven-headed hydra
  7048 | Lair:1   | HP: 3/86 [seven-headed hydra (5)]
  7051 | Lair:1   | Mangled by a spiny frog

Skill      XL: |  1  2  3  4  5  6  7  8  9 10 11 |
---------------+----------------------------------+-----
Fighting       | 4 5 6 7 8 |  8.3
Dodging        | 1 2 |  2.3
Axes           | 3 4 5 7 8 10 11 | 11.5
Armour         | 3 4 5 6 7 |  7.5
Slings         | 1 |  1.5
Stealth        | 2 |  2.6
Shields        | 1 4 5 |  5.7
Evocations     | 1 3 5 6 |  6.6
Invocations    | |  2.4

Action                   |  1- 3 |  4- 6 |  7- 9 | 10-12 || total
-------------------------+-------+-------+-------+-------++-------
Melee: Hand axe          |    66 |       |       |       ||    66
       War axe           |    41 |   131 |   182 |   205 ||   559
       Quarterstaff      |       |       |       |     5 ||     5
 Fire: Hunting sling     |       |     8 |       |     7 ||    15
Invok: Depart the Abyss  |     1 |       |       |       ||     1
       Bend Space        |       |       |       |     1 ||     1
       Banish            |       |       |       |     1 ||     1
  Use: Scroll            |     4 |     9 |     1 |     6 ||    20
       Potion            |       |       |     2 |       ||     2
 Stab: Confused          |       |       |       |     2 ||     2
  Eat: Chunk             |       |     4 |     2 |    10 ||    16
       Ration            |       |     1 |     1 |       ||     2
Armor: Plate armour      |    89 |    40 |       |       ||   129
       Chain mail        |       |    60 |   110 |    95 ||   265
Dodge: Dodged            |    29 |    48 |    34 |    52 ||   163
Block: Buckler           |       |     3 |     5 |       ||     8
       Shield            |       |       |    60 |   107 ||   167
